 Dungeon Crawl Stone Soup version bcrawl-1.40.2 (webtiles) character file.

Game seed: 18417882253909826336

10815863 zoran the Slayer (level 27, -3/269 HPs)
             Began as an Oni Archaeologist on Nov 14, 2023.
             Was a High Priest of Wu Jian.
             Killed by drain life
             ... invoked by a deathcap
             ... summoned by a curse toe
              (4 damage)
             ... on level 3 of the Realm of Zot.
             The game lasted 03:09:24 (53632 turns).

zoran the Slayer (Oni Archaeologist)               Turns: 53632, Time: 03:09:25

Health: -3/269     AC: 45    Str: 31    XL:     27
Magic:  41/41      EV: 10    Int: 23    God:    Wu Jian [*****.]
Gold:   2773       SH: 20    Dex: 11    Spells: 43/50 levels left

rFire    + . .     GDR:     38% h - +9 quick blade (flame)
rCold    + . .     Archmagi +   A - +6 medium shield
rNeg     + + .     SeeInvis +   R - +8 orange crystal plate armour {Archmagi, Int+3 Clar}
rPois    +         Gourm    .   d - +2 hat
rElec    .         Faith    .   Y - +1 cloak
rCorr    .         Spirit   .   D - +2 pair of gloves {archery}
MR       ++...     Reflect  .   j - +0 pair of boots of Lifelessness {rPois Regen+ Str+9 Stlth-} (curse) Stlth ..........Clarity +
                                L - amulet of regeneration
HPRegen  2.17/turn              H - ring "Oliupasa" {rF+ rN+ Slay-2 Stlth--}
MPRegen  0.27/turn              c - ring of Kufoomer {rC+ rN+ EV+3 SInv}

@: lethally poisoned (-3 -> -3), about to teleport, hasted and slowed, studying
Maces & Flails, lightly drained
A: oni magic, claws 1, fangs 1, horns 1
}: 4/15 runes: decaying, serpentine, slimy, silver
a: Wall Jump, Serpent's Lash, Heavenly Storm, Renounce Religion


You were on level 3 of the Realm of Zot.
You worshipped Wu Jian.
Wu Jian was extremely pleased with you.
You were hungry.

You visited 11 branches of the dungeon, and saw 44 of its levels.
You also visited: Sewer and Bailey.

You collected 7637 gold pieces.
You spent 4864 gold pieces at shops.

Inventory:

Hand Weapons
 h - a +9 quick blade of flaming (weapon)
 p - a +8 antimagic rapier
 E - a +0 blowgun
Missiles
 l - 2 throwing nets {=f}
 m - 96 poisoned tomahawks (quivered)
 J - 109 curare-tipped needles
Armour
 d - a +2 hat (worn)
 j - the cursed +0 pair of boots of Lifelessness (worn) {rPois Regen+ Str+9 Stlth-}
   (You found it on level 3 of the Realm of Zot)

   It affects your strength (+9).
   It protects you from poison.
   It increases your rate of regeneration.
   It makes you less stealthy.
   It has a curse placed upon it.
 A - a +6 medium shield (worn)
 D - a +2 pair of gloves of archery (worn)
 R - the +8 orange crystal plate armour (worn) {Archmagi, Int+3 Clar}
   (You found it in a bailey)

   It affects your intelligence (+3).
   It protects you against confusion.
 Y - a +1 cloak (worn)
Jewellery
 c - the ring of Kufoomer (right hand) {rC+ rN+ EV+3 SInv}
   (You acquired it on level 4 of the Depths)

   [ring of evasion]

   It affects your evasion (+3).
   It protects you from cold.
   It protects you from negative energy.
   It lets you see invisible.
 B - the ring of Moderation {rElec Dex+2}
   (You found it on level 3 of the Vaults)

   [ring of insulation]

   It affects your dexterity (+2).
   It insulates you from electricity.
 H - the ring "Oliupasa" (left hand) {rF+ rN+ Slay-2 Stlth--}
   (You bought it in a shop on level 5 of the Depths)

   [ring of attention]

   It affects your accuracy and damage with ranged weapons and melee attacks
   (-2).
   It protects you from fire.
   It protects you from negative energy.
   It makes you much less stealthy.
 L - an amulet of regeneration (around neck)
 M - the ring "Dijeh" {rC++ MR+}
   (You found it on level 5 of the Pits of Slime)

   [ring of protection from magic]

   It greatly protects you from cold.
   It affects your resistance to hostile enchantments.
 T - the ring of Futeryig {rCorr Int+7 Stlth+}
   (You bought it in a shop on level 5 of the Depths)

   [ring of resist corrosion]

   It affects your intelligence (+7).
   It provides partial protection from all sources of acid and corrosion.
   It makes you more stealthy.
Wands
 a - a wand of paralysis (9)
 b - a wand of disintegration (12)
 t - a wand of polymorph (33)
 u - a wand of iceblast (23)
 U - a wand of acid (29)
 V - a wand of charming (4)
 W - a wand of clouds (3)
 X - a wand of digging (9)
Scrolls
 f - 27 scrolls of teleportation
 g - 6 scrolls of revelation
 n - 13 scrolls of remove curse
 s - a scroll of summoning
 v - 6 scrolls of fear
 x - 5 scrolls of immolation
 S - 2 scrolls of silence
Potions
 o - 4 potions of magic
 q - a potion of haste
 w - 14 potions of curing
 z - 5 potions of cancellation
 C - a potion of might
 F - 2 potions of mutation
 K - 9 potions of heal wounds
 O - a potion of ambrosia
 P - 5 potions of agility
Miscellaneous
 i - 6 phantom mirrors
 r - a sack of spiders
 y - 2 boxes of beasts
 G - a phial of floods
 I - a fan of gales (2/2)
 N - a lamp of fire (inert)
 Q - a lightning rod (4/4)
Comestibles
 e - 28 rations {!d}
 k - 10 chunks of flesh


   Skills:
 - Level 26.2(25.9) Fighting
 + Level 16.5(16.2) Short Blades
 - Level 2.0(1.8) Maces & Flails
 - Level 10.0(9.7) Throwing
 - Level 20.0(19.7) Armour
 - Level 5.0(4.8) Dodging
 - Level 5.0(4.8) Stealth
 - Level 15.0(14.7) Shields
 - Level 12.0(11.7) Spellcasting
   Level 12.0(11.7) Conjurations
   Level 12.0(11.7) Hexes
   Level 12.0(11.7) Charms
   Level 12.0(11.7) Summonings
   Level 12.0(11.7) Necromancy
   Level 12.0(11.7) Translocations
   Level 12.0(11.7) Transmutations
   Level 12.0(11.7) Fire Magic
   Level 12.0(11.7) Ice Magic
   Level 12.0(11.7) Air Magic
   Level 12.0(11.7) Earth Magic
   Level 12.0(11.7) Poison Magic
 + Level 18.0(17.8) Evocations


You had 43 spell levels left.
You knew the following spells:

 Your Spells              Type           Power        Failure   Level  Hunger
l - Blink Other           Tloc           ######       1%          1    None
u - Confuse               Hex            #######.     1%          3    None
z - Dazzling Orbs         Conj/Hex       #######      3%          3    None

Your spell library contained the following spells:

 Spells                   Type           Power        Failure   Level  Hunger
 Ice Form                 Ice/Tmut       #######.     12%         4    None
 Piercing Shot            Chrm           #######...   16%         5    ###....
 Summon Forest            Summ/Tloc      #######...   32%         5    ###....
 Infestation              Hex/Tmut/Pois  #######..    92%         6    #####..
 Controlled Blink         Tloc           #######.     99%         7    ######.
 Scorpion Form            Tmut/Pois      #######...   100%        7    ######.
 Summon Fire Elementals   Fire/Summ      #######..    100%        7    ######.
 Necromutation            Tmut/Necr      #######.     100%        8    #######
 Summon Horrible Things   Summ           #######...   100%        8    #######
 Dragon's Call            Summ           #######...   100%        9    #######


Dungeon Overview and Level Annotations

Branches:
Dungeon (12/12)            Temple (1/1) D:4            Lair (6/6) D:8
  Swamp (3/3) Lair:2        Snake (3/3) Lair:2        Slime (5/5) Orc
    Orc (1/1) D:9          Vaults (3/3) D:12         Forest (0/3) Lair:5
  Crypt (2/2) Vaults:1       Tomb (0/3) Crypt:2      Depths (5/5) D:12
    Zot (3/5) Depths:5

Altars:
Ashenzari
Cheibriados
Dithmenos
Fedhas
Gozag
Hepliaklqana
Kikubaaqudgha
Lugonu
Makhleb
Nemelex Xobeh
Okawaru
Qazlal
Ru
Sif Muna
Trog
Uskayaw
Vehumet
Wu Jian
Xom
Yredelemnul
Jiyva

Shops:
D:5 ?   D:7 !   D:8 %   D:9 *   Orc [%}   Snake:1 }%((   Snake:2 =}=
Vaults:2 =   Depths:5 ===?

Portals:
Hell: Depths:1 Depths:2 Depths:3 Depths:4 Depths:5
Abyss: Depths:4 Depths:5
Pandemonium: Depths:3
Ziggurat: Depths:5

Annotations:
Swamp:3 Roxanne
Snake:2 Bai Suzhen
Zot:1 1 runed door


Innate Abilities, Weirdness & Mutations

You learn spells by gaining experience, not through books or religion.
You only train spellcasting to practice magic.
You have sharp fingernails.
You have very sharp teeth.
You have a pair of small horns on your head.


Message History

You destroy the wandering mushroom!
The soul eater is engulfed in blazing flames.
The soul eater draws from the surrounding life force!
The shadow dragon is engulfed in blazing flames.
The wandering mushroom is engulfed in blazing flames.
You destroy the wandering mushroom!
The death cob is engulfed in blazing flames.
The death cob hits you!
* * * LOW HITPOINT WARNING * * *
The curse toe calls on the powers of darkness!
The death drake convulses!
The shadow dragon convulses!
You feel a surge of unholy energy.
The shadow dragon convulses!
The ancient lich is engulfed in blazing flames.
The death drake is engulfed in blazing flames.
You kill the death drake!
The Council accepts your kill.
The wandering mushroom barely misses you.
The deathcap is engulfed in blazing flames.
The deathcap draws from the surrounding life force!
You die...

*,,***,,,,,,*,*,,,*,,,,,
*,,**,,,,,,***,,,,*,,,,,
******,,**,,**,,**,,**,,*,,**
*,,,,+,,**,,**#,,,,,***,,****
*,****,***,,,#§*,,,,,***,,,,, *,*
*****,,..##*,,.,,##*,,,, *,*
**,,*#3.##..#*..#*,,** *,*
**,,*##D...>#*#...,,*** *****,*
*,,*##@fM§§#*#....,***,
,,,,,,****#,*##fDzL§###>..,,***,,
*****,,,,,#.##..##§z##f.#*,,**,,*
*******.....###f§zZ.##*,,,,** **
*......###Z.§§.#§#,,,* ,*
######..###3.§..#**,,* ,*
####..#Z○##§§##..#*,,* ,*
##......#z§○.##*,,.,,,* ,*
#.......#☼○k#§#,,,,,,**


You could see 2 shadow dragons, an ancient lich (invisible), a curse toe, 2
death cobs, 2 soul eaters, a deathcap, a guardian mummy, 2 wandering mushrooms
and a draconian monk zombie.

Vanquished Creatures
  the Royal Jelly (Slime:5)
  3 juggernauts
  Xtahua (Depths:3)
  An ancient lich (Crypt:2)
  Sojobo (Depths:4)
  the Enchantress (Depths:3)
  7 golden dragons
  3 Killer Klowns
  Saint Roka (Snake:2)
  A curse toe (Crypt:2)
  Frederick (Crypt:1)
  3 rockslimes
  An Orb Demon (Zot:3)
  Zenata (Crypt:1)
  A bone dragon (Swamp:3)
  12 tentacled monstrosities
  Rupert (Lair:5)
  3 electric golems
  7 liches
  3 wendigos
  24 acid blobs
  4 quicksilver dragons
  6 ancient champions (Crypt:2)
  8 death cobs
  A thorn hunter (Swamp:1)
  7 sphinxes
  3 ghouls
  3 shadow dragons
  Kirke (Swamp:1)
  Donald (Snake:3)
  A revenant (Crypt:2)
  8 storm dragons
  17 frost giants
  5 nagarajas (Snake:3)
  8 fire giants
  4 war gargoyles
  2 draconian knights
  3 draconian monks
  Louise (Snake:3)
  11 tengu reavers
  A deep elf sorcerer (Depths:2)
  An iron dragon (Zot:3)
  A curse skull (Crypt:2)
  13 vault wardens
  Aizul (Snake:2)
  A draconian annihilator (Zot:1)
  7 azure jellies
  A caustic shrike zombie (Depths:3)
  A juggernaut zombie (Depths:3)
  An orc warlord (Vaults:3)
  10 jiangshi
  10 spriggan defenders
  2 draconian scorchers
  An eye of devastation (Slime:5)
  2 draconian stormcallers (Zot:1)
  21 stone giants
  4 draconian shifters
  14 very ugly things
  16 ironheart preservers
  8 green draconians
  3 caustic shrike skeletons
  8 vampire knights
  3 juggernaut skeletons
  A deep elf annihilator (Vaults:1)
  4 white draconians
  A deep elf demonologist (Vaults:1)
  6 dire elephants
  6 black draconians
  4 yellow draconians
  An entropy weaver (shapeshifter) (Depths:2)
  6 spark wasps (Depths:5)
  5 red draconians
  4 deep elf death magi
  8 purple draconians
  7 eidola
  9 ettins
  A merfolk javelineer (Depths:3)
  A deep elf high priest (Depths:4)
  13 fire dragons
  A quicksilver dragon skeleton (Crypt:2)
  10 naga warriors
  19 yaktaur captains
  4 ghost crabs
  34 vault guards
  A shambling mangrove (Swamp:1)
  5 rakshasas
  4 spriggan air magi
  11 ice dragons
  13 hydras
  5 anacondas (Snake:3)
  A shadow wraith (Crypt:1)
  17 great orbs of eyes
  16 alligators
  8 death oozes
  15 two-headed ogres
  The ghost of Morbidden the Grappler, a novice TrAc of Cheibriados (D:8)
  6 ogre magi
  7 death knights
  4 dancing weapons (Vaults:3)
  7 ancient automatons
  3 alligator snapping turtles (Snake:3)
  11 deep troll shamans
  5 vampire magi
  10 death yaks (Lair:6)
  10 spriggan berserkers
  A tengu warrior (D:12)
  13 shock serpents
  5 deep troll earth magi
  18 naga sharpshooters
  2 ironheart beastmasters
  4 sea snakes
  23 deep trolls
  A deep elf knight (Vaults:1)
  17 centaur warriors
  2 storm dragon zombies
  5 titan skeletons (Crypt:2)
  2 goliath frogs (Snake:3)
  2 iron trolls (Depths:4)
  A spark wasp zombie (Depths:3)
  27 skeletal warriors
  4 spriggan druids
  7 salamander mystics
  A storm dragon skeleton (Crypt:2)
  10 hell knights
  2 unseen horrors (D:11)
  2 death drakes
  A death drake (shapeshifter) (Vaults:3)
  6 flayed ghosts
  4 lindwurms (Snake:3)
  7 swamp dragons
  3 glowing orange brains
  8 wizards
  5 deep elf archers
  14 phantasmal warriors
  A shadow dragon zombie (Depths:3)
  5 spectral hydras (Swamp:3)
  6 cyclopes
  7 naga ritualists
  16 ironheart convokers
  2 golden dragon skeletons
  5 necromancers
  An orc sorcerer (Vaults:3)
  5 orc knights
  A wolf spider (Lair:6)
  3 fire giant zombies
  A wolf spider zombie (D:11)
  23 ugly things
  15 mana vipers
  10 naga magi
  8 shining eyes
  A tengu skeleton (Depths:3)
  A frost giant zombie (Depths:3)
  2 shadow dragon skeletons (Crypt:2)
  3 stone giant zombies
  An iron dragon skeleton (Crypt:2)
  3 manticores
  A stone giant skeleton (Depths:3)
  9 deep elf magi
  An oklob plant (Swamp:3)
  15 moths of wrath
  10 salamanders
  3 fire giant skeletons
  11 will-o'-wisps (Swamp:3)
  30 black mambas
  2 frost giant skeletons
  2 water nymphs (shapeshifter)
  A smoke demon (Depths:3)
  9 vault sentinels
  19 elephants
  A guardian serpent (shapeshifter) (Vaults:1)
  7 torpor snails
  18 cane toads
  A spriggan zombie (Depths:3)
  7 guardian serpents (Snake:3)
  4 dire elephant skeletons (Crypt:2)
  3 gargoyles
  A rime drake (shapeshifter) (Depths:1)
  A spriggan skeleton (Depths:3)
  2 yaktaurs (shapeshifter)
  7 komodo dragons
  3 kobold demonologists
  4 rime drakes
  2 swamp worm zombies (Swamp:3)
  An eye of draining (shapeshifter) (Vaults:3)
  26 yaktaurs
  10 freezing wraiths
  2 eyes of draining
  7 flying skulls
  2 tengu conjurers
  A hydra zombie (Swamp:3)
  A wolf spider simulacrum (Crypt:2)
  17 bog bodies
  A polar bear (shapeshifter) (Vaults:2)
  A slime creature (shapeshifter) (Vaults:3)
  10 polar bears
  A hydra skeleton (Crypt:2)
  9 trolls
  175 slime creatures
  15 hornets
  6 raiju (Lair:6)
  A tyrant leech (shapeshifter) (Depths:1)
  A wind drake (shapeshifter) (Depths:4)
  3 harpy skeletons
  Maurice (Orc)
  5 dream sheep
  12 hippogriffs
  6 tyrant leeches
  A blink frog (shapeshifter) (Depths:2)
  5 snapping turtles (Snake:3)
  32 blink frogs
  4 alligator zombies (Swamp:3)
  2 stone giant simulacra
  Grum (Lair:3)
  2 ettin skeletons (Crypt:2)
  An ice dragon skeleton (Crypt:2)
  11 water elementals
  A fire dragon skeleton (Crypt:2)
  5 wraiths
  16 spriggans
  A wyvern (Lair:3)
  2 hogs (Swamp:1)
  A basilisk (Lair:6)
  14 yaks
  4 hungry ghosts
  A hog (shapeshifter) (Vaults:3)
  A golden eye (shapeshifter) (Vaults:3)
  19 vampire mosquitoes
  A yaktaur simulacrum (Vaults:3)
  5 golden eyes (Slime:2)
  2 steam dragons
  23 nagas
  10 wargs
  13 crocodiles
  2 hydra simulacra (Crypt:2)
  2 acid dragons (Lair:6)
  11 swamp worms
  10 water moccasins
  3 floating eyes
  8 porcupines
  A merfolk skeleton (Crypt:2)
  A cane toad skeleton (Crypt:2)
  12 hell hounds
  4 ice beasts
  2 hornet zombies
  41 orc warriors
  A fire dragon simulacrum (Crypt:1)
  11 black bears (Lair:6)
  11 necrophages
  3 sky beasts
  7 swamp dragon zombies
  7 phantoms (Swamp:3)
  5 swamp drakes
  A black bear (shapeshifter) (Vaults:1)
  An ettin simulacrum (Depths:2)
  20 wolves
  18 ogres
  9 boggarts
  2 snapping turtle skeletons (Crypt:2)
  A swamp dragon skeleton (Crypt:1)
  12 bullfrogs
  A kobold brigand (D:6)
  A draconian zombie (Crypt:2)
  A wyvern zombie (D:7)
  18 centaurs
  A warg zombie (Crypt:2)
  4 scorpions
  4 killer bees (D:10)
  A queen bee zombie (Crypt:2)
  A water moccasin skeleton (D:4)
  38 wights
  4 electric eels
  2 howler monkeys
  14 orc priests
  11 crimson imps
  A bullfrog zombie (D:7)
  2 quasits
  10 hounds
  6 jellies
  A bullfrog skeleton (D:4)
  12 orc wizards
  4 iguanas
  A basilisk skeleton (Crypt:1)
  A demonspawn skeleton (Crypt:1)
  A human skeleton (Crypt:2)
  A merfolk siren (Sewer)
  3 spectral swamp drakes (Swamp:3)
  11 worker ants
  A merfolk avatar (Sewer)
  A killer bee zombie (D:5)
  An acid dragon zombie (Crypt:1)
  A naga zombie (Crypt:1)
  8 ogre zombies (D:9)
  A crocodile skeleton (Crypt:1)
  A hound zombie (D:7)
  2 hound skeletons
  Robin (D:3)
  An adder (shapeshifter) (Depths:2)
  15 adders
  A river rat (Sewer)
  3 shadow imps
  2 oozes (Orc)
  An iguana skeleton (Crypt:1)
  2 adder skeletons
  An adder zombie (D:9)
  A worm (D:3)
  2 dart slugs (D:1)
  6 leopard geckos
  68 orcs
  6 giant cockroaches
  7 hobgoblins
  14 jackals
  5 quokkas
  11 ball pythons
  4 bats
  A dart slug zombie (Crypt:1)
  10 frilled lizards
  21 goblins
  A goblin skeleton (D:9)
  3 goblin zombies (D:9)
  4 hobgoblin zombies (D:9)
  12 kobolds
  3 orc skeletons (D:9)
  14 orc zombies (D:9)
  30 rats
  2 briar patches (Swamp:1)
  2 fungi (Slime:3)
2220 creatures vanquished.

Vanquished Creatures (collateral kills)
  Boris (Vaults:2)
  A curse toe (Zot:3)
  A bone dragon (Depths:4)
  Nikola (Depths:3)
  An electric golem (Zot:2)
  An Orb Demon (Zot:2)
  Frances (Snake:3)
  A lich (Vaults:3)
  A wendigo (Depths:4)
  A death cob (Zot:2)
  A nagaraja (Snake:1)
  A shadow dragon (Depths:5)
  A frost giant (Depths:4)
  A very ugly thing (Depths:1)
  4 stone giants
  A caustic shrike skeleton (Crypt:2)
  An ettin (Depths:2)
  A fire dragon (Vaults:2)
  A spriggan air mage (Depths:2)
  A quicksilver dragon skeleton (Zot:3)
  Harold (Lair:6)
  A naga warrior (Snake:2)
  An anaconda (Snake:3)
  2 deep troll earth magi (Depths:1)
  A deep elf knight (Vaults:3)
  A soul eater (Zot:3)
  A death drake (Zot:3)
  A deep elf archer (Vaults:1)
  2 mana vipers (Snake:3)
  2 naga magi
  A moth of wrath (Zot:2)
  A black mamba (Snake:2)
  A yaktaur (Depths:2)
  2 hornets
  3 slime creatures (Vaults:1)
  A spriggan (Depths:4)
  2 nagas
  2 orcs (Snake:2)
49 creatures vanquished.

Vanquished Creatures (others)
  A fire giant (Vaults:2)
  A two-headed ogre (Depths:1)
  An alligator (Swamp:3)
  A titan skeleton (Depths:2)
  A naga mage (Snake:3)
  2 ugly things (Depths:2)
  A spriggan skeleton (Depths:2)
  3 briar patches (Swamp:1)
  28 fungi
  29 plants
68 creatures vanquished.

Grand Total: 2337 creatures vanquished

Notes
Turn   | Place    | Note
-------+----------+-------------------------------------------
     0 | D:1      | zoran the Oni Archaeologist began the quest for the Orb.
     0 | D:1      | Reached XP level 1. HP: 16/16 MP: 3/3
   291 | D:1      | Reached XP level 2. HP: 23/23 MP: 4/4
   293 | D:1      | Learned a level 1 spell: Blink Other
   890 | D:1      | Reached XP level 3. HP: 14/28 MP: 4/6
  1526 | D:3      | Reached skill level 1 in Spellcasting
  1543 | D:3      | Reached skill level 2 in Fighting
  1543 | D:3      | Reached XP level 4. HP: 24/36 MP: 7/7
  1547 | D:3      | Learned a level 3 spell: Dazzling Orbs
  1692 | D:3      | Reached XP level 5. HP: 35/41 MP: 3/10
  1692 | D:3      | Identified a scroll of acquirement
  1822 | D:3      | Identified the ring of Daffodils {rC+ Stlth++} (You
                  | acquired it on level 3 of the Dungeon)
  1964 | D:3      | Found a glowing drain.
  1969 | Sewer    | Entered a sewer
  2214 | Sewer    | Reached skill level 1 in Short Blades
  2272 | Sewer    | Noticed a malarious merfolk avatar
  2326 | Sewer    | Killed a malarious merfolk avatar
  2327 | Sewer    | Reached XP level 6. HP: 4/50 MP: 0/11
  2457 | Sewer    | Learned a level 3 spell: Confuse
  2522 | D:3      | Found a snail-covered altar of Cheibriados.
  2588 | D:3      | Reached skill level 3 in Fighting
  3064 | D:3      | Noticed Robin
  3118 | D:3      | Killed Robin
  3500 | D:4      | Found a radiant altar of Vehumet.
  3786 | D:4      | Reached XP level 7. HP: 31/57 MP: 10/13
  3863 | D:4      | Found a staircase to the Ecumenical Temple.
  3875 | Temple   | Entered the Ecumenical Temple
  4105 | Temple   | Became a worshipper of the Wu Jian Council
  4125 | D:4      | Found a shadowy altar of Dithmenos.
  4406 | D:5      | Entered Level 5 of the Dungeon
  4410 | D:5      | Found Tetithreg's Magic Scroll Boutique.
  4422 | D:5      | Bought a scroll of remove curse for 33 gold pieces
  4422 | D:5      | Bought a scroll of fog for 22 gold pieces
  4422 | D:5      | Bought a scroll of identify for 22 gold pieces
  4422 | D:5      | Bought a scroll of enchant weapon for 82 gold pieces
  4422 | D:5      | Bought a scroll of identify for 22 gold pieces
  4422 | D:5      | Bought a scroll of revelation for 44 gold pieces
  4422 | D:5      | Bought a scroll of revelation for 44 gold pieces
  4422 | D:5      | Bought a scroll of teleportation for 33 gold pieces
  4721 | D:5      | Reached skill level 5 in Short Blades
  4768 | D:5      | Found a sacrificial altar of Ru.
  4936 | D:5      | Reached XP level 8. HP: 53/63 MP: 14/14
  4958 | D:5      | Reached skill level 1 in Armour
  5411 | D:6      | Reached * piety under Wu Jian
  5412 | D:6      | Reached skill level 4 in Fighting
  5698 | D:6      | Noticed a yak
  5698 | D:6      | Noticed a troll
  5709 | D:6      | Killed a troll
  5710 | D:6      | Reached XP level 9. HP: 21/73 MP: 15/15
  5863 | D:6      | Reached skill level 5 in Fighting
  6275 | D:6      | Found a shattered altar of Ashenzari.
  6282 | D:6      | Found a hazy altar of Hepliaklqana.
  6283 | D:6      | Found a stormy altar of Qazlal.
  6290 | D:6      | Found a burning altar of Makhleb.
  6482 | D:7      | Reached skill level 5 in Dodging
  6482 | D:7      | Reached skill level 5 in Stealth
  6630 | D:7      | Found Paevosch's Distillery.
  6711 | D:7      | Bought a potion of might for 44 gold pieces
  6711 | D:7      | Bought a potion of curing for 27 gold pieces
  6731 | D:7      | Reached skill level 5 in Armour
  6965 | D:7      | Noticed an eye of draining
  6982 | D:7      | Killed an eye of draining
  6983 | D:7      | Reached skill level 6 in Fighting
  7214 | D:8      | Noticed a troll
  7220 | D:8      | Killed a troll
  7231 | D:8      | Noticed a troll
  7231 | D:8      | Noticed a troll
  7248 | D:8      | Reached XP level 10. HP: 52/84 MP: 16/16
  7283 | D:8      | Reached skill level 7 in Fighting
  7410 | D:8      | Found Uvoockof's Food Shoppe.
  7433 | D:8      | Reached ** piety under Wu Jian
  7442 | D:8      | Reached skill level 1 in Throwing
  7445 | D:8      | Noticed a centaur warrior
  7523 | D:8      | Found a hide-covered altar of Uskayaw.
  7789 | D:8      | Found a staircase to the Lair.
  7792 | Lair:1   | Entered Level 1 of the Lair of Beasts
  8147 | Lair:1   | Reached skill level 8 in Fighting
  8315 | Lair:1   | Noticed a cane toad
  8318 | Lair:1   | Noticed a cane toad
  8323 | Lair:1   | Killed a cane toad
  8331 | Lair:1   | Killed a cane toad
  8332 | Lair:1   | Reached XP level 11. HP: 47/95 MP: 17/17
  8564 | Lair:1   | Reached skill level 9 in Fighting
  8893 | Lair:1   | Reached skill level 5 in Throwing
  8913 | Lair:1   | Got a smoking robe
  9396 | Lair:2   | Found a staircase to the Snake Pit.
  9539 | Lair:2   | Reached skill level 1 in Evocations
  9846 | Lair:2   | Reached skill level 10 in Fighting
 10091 | Lair:2   | Reached *** piety under Wu Jian
 10373 | Lair:2   | Found a staircase to the Swamp.
 10704 | Lair:2   | Identified the +1 robe "Ykhutal" {-Cast Str+6} (You found
                  | it on level 1 of the Lair of Beasts)
 10838 | Lair:3   | Noticed a five-headed hydra
 10859 | Lair:3   | Killed a five-headed hydra
 10860 | Lair:3   | Reached skill level 5 in Evocations
 10860 | Lair:3   | Reached XP level 12. HP: 80/106 MP: 19/21
 11089 | Lair:3   | Noticed Grum
 11098 | Lair:3   | Reached skill level 5 in Spellcasting
 11104 | Lair:3   | Killed Grum
 12796 | Lair:4   | Reached **** piety under Wu Jian
 13397 | Lair:5   | Noticed Rupert
 13401 | Lair:5   | Reached XP level 13. HP: 113/113 MP: 22/22
 13401 | Lair:5   | Paralysed by Rupert for 2 turns
 13408 | Lair:5   | Killed Rupert
 13409 | Lair:5   | Reached skill level 10 in Short Blades
 13492 | Lair:5   | Found a staircase to the Spriggan Forest.
 13938 | Lair:6   | Entered Level 6 of the Lair of Beasts
 14359 | Lair:6   | Reached skill level 10 in Throwing
 14359 | Lair:6   | Reached skill level 10 in Armour
 14359 | Lair:6   | Reached XP level 14. HP: 85/121 MP: 23/23
 14390 | Lair:6   | Noticed Harold
 14591 | Lair:6   | Killed Harold
 15184 | Lair:6   | Reached skill level 11 in Fighting
 15965 | Lair:6   | Noticed a dire elephant
 15978 | Lair:6   | Killed a dire elephant
 16919 | D:8      | Found a runed translucent door.
 16919 | D:8      | Noticed Morbidden's ghost (novice TrAc)
 16970 | D:8      | Found an opulent altar of Gozag.
 17380 | D:9      | Found an ancient bone altar of Kikubaaqudgha.
 17409 | D:9      | Found a flagged portal.
 17424 | D:9      | Reached ***** piety under Wu Jian
 17437 | D:9      | Reached skill level 12 in Fighting
 17449 | Bailey   | Entered a bailey
 17759 | Bailey   | Found the +8 orange crystal plate armour {Archmagi, Int+3
                  | Clar}
 17893 | D:9      | Found a staircase to the Orcish Mines.
 17909 | Orc      | Entered the Orcish Mines
 17909 | Orc      | Noticed Maurice
 17916 | Orc      | Killed Maurice
 17944 | D:9      | HP: 6/127 [wight/cursed +3 scimitar (4)]
 17948 | D:9      | Reached XP level 15. HP: 27/134 MP: 24/24
 18625 | D:9      | Reached ****** piety under Wu Jian
 18995 | D:9      | Found Huzam's Serpentskin Sales.
 19024 | D:9      | Bought 122 poisoned tomahawks for 170 gold pieces
 19318 | D:10     | Entered Level 10 of the Dungeon
 20065 | D:10     | Reached skill level 13 in Fighting
 20907 | D:12     | Entered Level 12 of the Dungeon
 21100 | D:12     | Found a staircase to the Depths.
 21101 | D:12     | Noticed a fire giant
 21114 | D:12     | Killed a fire giant
 21351 | D:12     | Got a distressingly furry scale mail
 21444 | D:12     | Found a gate to the Vaults.
 21560 | D:12     | Found a white marble altar of Elyvilon.
 21837 | D:12     | Reached skill level 14 in Fighting
 22225 | Orc      | Found a runed door.
 22226 | Orc      | Found a viscous altar of Jiyva.
 22229 | Orc      | Found a staircase to the Slime Pits.
 22655 | Orc      | Found Ottoc's Antique Armour Boutique.
 22655 | Orc      | Found Qymamor's Food Emporium.
 22657 | Orc      | Found Heimeast's Gadget Shoppe.
 22659 | Orc      | Found Deomadwenym's Distillery.
 22671 | Orc      | Bought a potion of heal wounds for 55 gold pieces
 22671 | Orc      | Bought a potion of curing for 27 gold pieces
 22671 | Orc      | Bought a potion of heal wounds for 55 gold pieces
 22671 | Orc      | Bought 2 potions of curing for 55 gold pieces
 22671 | Orc      | Bought a potion of curing for 27 gold pieces
 22671 | Orc      | Bought a potion of ambrosia for 44 gold pieces
 22671 | Orc      | Bought a potion of ambrosia for 44 gold pieces
 22671 | Orc      | Bought a potion of agility for 44 gold pieces
 22791 | D:9      | Bought an uncursed ring of poison resistance for 280 gold
                  | pieces
 22920 | Swamp:1  | Entered Level 1 of the Swamp
 22932 | Swamp:1  | Reached XP level 16. HP: 139/146 MP: 25/25
 22943 | Swamp:1  | Noticed a wendigo
 23079 | Swamp:1  | Noticed a wendigo
 23083 | Swamp:1  | Killed a wendigo
 23225 | Swamp:1  | Killed a wendigo
 23275 | Swamp:1  | Noticed Kirke
 23344 | Swamp:1  | Killed Kirke
 23367 | Swamp:1  | Noticed a thorn hunter
 23405 | Swamp:1  | Killed a thorn hunter
 24015 | Swamp:2  | Reached skill level 15 in Fighting
 24648 | Swamp:3  | Entered Level 3 of the Swamp
 25424 | Swamp:3  | Reached XP level 17. HP: 128/156 MP: 26/26
 25558 | Swamp:3  | Reached skill level 15 in Armour
 25571 | Swamp:3  | Noticed a bone dragon
 25573 | Swamp:3  | Reached skill level 10 in Evocations
 25576 | Swamp:3  | Killed a bone dragon
 25669 | Swamp:3  | Got a decaying rune of Zot
 25815 | Swamp:3  | Noticed Roxanne
 26038 | Snake:1  | Entered Level 1 of the Snake Pit
 26413 | Snake:1  | Found Focevir's Weapon Shop.
 26414 | Snake:1  | Found Puissef's Food Shop.
 26415 | Snake:1  | Found Ismuip's Antique Weapon Shop.
 26416 | Snake:1  | Found Roumn's Gadget Shop.
 26427 | Snake:1  | Bought a fan of gales (2/2) for 390 gold pieces
 26749 | Snake:1  | Identified the amulet "Payqe" {Gourm MR+ Str+3} (You
                  | acquired it on level 1 of the Snake Pit)
 27148 | Snake:2  | Found Zurid's Jewellery Shop.
 27148 | Snake:2  | Found Bocait's Gadget Shoppe.
 27149 | Snake:2  | Found Biolydeu's Jewellery Shop.
 27180 | Snake:2  | Noticed Aizul
 27190 | Snake:2  | Killed Aizul
 27233 | Snake:2  | Noticed Saint Roka
 27247 | Snake:2  | Killed Saint Roka
 27247 | Snake:2  | Reached XP level 18. HP: 63/164 MP: 25/29
 27393 | Snake:2  | Noticed Bai Suzhen
 27612 | Snake:3  | Entered Level 3 of the Snake Pit
 27732 | Snake:3  | Reached skill level 16 in Fighting
 28070 | Snake:3  | Noticed Louise
 28103 | Snake:3  | Killed Louise
 28135 | Snake:3  | Noticed Frances
 28401 | Snake:3  | Noticed Donald
 28485 | Snake:3  | Killed Donald
 29018 | Snake:3  | Reached XP level 19. HP: 127/174 MP: 32/32
 29365 | Snake:3  | Got a serpentine rune of Zot
 29751 | Snake:3  | Killed Frances
 30067 | Vaults:1 | Entered Level 1 of the Vaults
 30457 | Vaults:1 | Reached skill level 17 in Fighting
 31060 | Vaults:1 | Reached XP level 20. HP: 178/184 MP: 34/34
 31093 | Vaults:1 | Identified the +7 great mace "Goiphueqae" {elec, Int+5
                  | Dex+4}
 31570 | Vaults:1 | Found a staircase to the Crypt.
 31966 | Vaults:2 | Noticed Boris
 31982 | Vaults:2 | Found Ukku Tink's Jewellery Shoppe.
 32097 | Depths:1 | Entered Level 1 of the Depths
 32275 | Depths:1 | Reached skill level 1 in Shields
 33303 | Depths:1 | Found a gateway to Hell.
 33360 | Depths:1 | Reached skill level 18 in Fighting
 33900 | Depths:2 | Reached skill level 10 in Spellcasting
 34285 | Depths:2 | Noticed a Killer Klown
 34296 | Depths:2 | Reached skill level 5 in Shields
 34296 | Depths:2 | Killed a Killer Klown
 34297 | Depths:2 | Reached skill level 15 in Evocations
 34320 | Depths:2 | Reached XP level 21. HP: 190/194 MP: 37/37
 34780 | Depths:2 | Identified the +12 hand axe "Gazatzuh" {vamp, Str+4 Stlth+}
 34780 | Depths:2 | Identified the ring "Zimukhus" {rPois MR+ Int-5 Stlth++}
 36080 | Depths:3 | Found a one-way gate leading to the halls of Pandemonium.
 36133 | Depths:3 | Noticed Xtahua
 36137 | Depths:3 | Killed Xtahua
 36138 | Depths:3 | Reached XP level 22. HP: 103/202 MP: 38/38
 36347 | Depths:3 | Noticed Nikola
 36354 | Depths:3 | Killed Nikola
 36898 | Depths:4 | Noticed Sojobo
 36902 | Depths:4 | Killed Sojobo
 37073 | Depths:4 | Noticed a rockslime
 37092 | Depths:4 | Killed a rockslime
 37190 | Depths:4 | Reached skill level 15 in Short Blades
 37201 | Depths:4 | Noticed a golden dragon
 37206 | Depths:4 | Killed a golden dragon
 37261 | Depths:4 | Noticed a Killer Klown
 37288 | Depths:4 | Killed a Killer Klown
 37459 | Depths:4 | Identified the +8 faerie dragon scales {rF+ rCorr}
 37459 | Depths:4 | Noticed the Enchantress
 37554 | Depths:3 | Killed the Enchantress
 37641 | Depths:4 | Found a one-way gate to the infinite horrors of the Abyss.
 37758 | Depths:4 | Reached XP level 23. HP: 154/211 MP: 39/39
 37763 | Depths:4 | Reached skill level 19 in Fighting
 37990 | Depths:4 | Identified the +9 short sword "Meibot" {pierce, rC+ MP+9
                  | Int+2} (You acquired it on level 4 of the Depths)
 37990 | Depths:4 | Identified the ring of Kufoomer {rC+ rN+ EV+3 SInv} (You
                  | acquired it on level 4 of the Depths)
 38284 | Depths:4 | Found a snail-covered altar of Cheibriados.
 38529 | Depths:5 | Entered Level 5 of the Depths
 38614 | Depths:5 | Found a gateway to a ziggurat.
 38782 | Depths:5 | Noticed a golden dragon
 38789 | Depths:5 | Killed a golden dragon
 38800 | Depths:5 | HP: 5/215 [fire dragon/blast of flame (8)]
 39053 | Depths:5 | Identified the +3 scale mail of Weightlessness {MR+ Str+6
                  | Int+6} (You acquired it on level 5 of the Depths)
 39198 | Depths:5 | Reached skill level 20 in Fighting
 39352 | Depths:5 | Found Vungum's Jewellery Emporium.
 39364 | Depths:5 | Found Ylivaev's Jewellery Shoppe.
 39364 | Depths:5 | Found Wuxodwy's Jewellery Emporium.
 39369 | Depths:5 | Bought the ring of Futeryig {rCorr Int+7 Stlth+} for 1154
                  | gold pieces
 39370 | Depths:5 | Found Pufyvipa's Magic Scroll Shoppe.
 39376 | Depths:5 | Bought a scroll of teleportation for 39 gold pieces
 39376 | Depths:5 | Bought a scroll of revelation for 52 gold pieces
 39376 | Depths:5 | Bought a scroll of immolation for 45 gold pieces
 39379 | Depths:5 | Bought the cursed ring "Oliupasa" {rF+ rN+ Slay-2 Stlth--}
                  | for 257 gold pieces
 39441 | Depths:5 | Identified the +4 morningstar "Ucacir" {crush, rF+++ rC++
                  | Dex-2}
 39455 | Depths:5 | Found a gate to the Realm of Zot.
 40080 | Crypt:1  | Entered Level 1 of the Crypt
 40229 | Crypt:1  | Identified the cursed +1 scale mail "Plog" {rN+ MR+ Dex+3}
 40329 | Crypt:1  | Noticed Zenata
 40339 | Crypt:1  | Killed Zenata
 40340 | Crypt:1  | Reached skill level 10 in Shields
 40438 | Crypt:1  | Reached XP level 24. HP: 218/224 MP: 39/39
 40697 | Crypt:1  | Noticed Frederick
 40706 | Crypt:1  | Killed Frederick
 40923 | Crypt:2  | Entered Level 2 of the Crypt
 41171 | Crypt:2  | Found a staircase to the Tomb.
 41662 | Crypt:2  | Reached skill level 15 in Shields
 41697 | Crypt:2  | Noticed an ancient lich
 41703 | Crypt:2  | Killed an ancient lich
 41725 | Crypt:2  | Identified the +4 chain mail "Ylogil" {Dex+7}
 41728 | Crypt:2  | Identified the +4 shortbow "Heskag" {flame, rElec SInv}
 42006 | Crypt:2  | Noticed a curse toe
 42020 | Crypt:2  | Killed a curse toe
 42685 | Slime:1  | Entered Level 1 of the Pits of Slime
 43331 | Slime:2  | Reached XP level 25. HP: 144/233 MP: 39/39
 44422 | Slime:3  | Found a viscous altar of Jiyva.
 45320 | Slime:5  | Entered Level 5 of the Pits of Slime
 46027 | Slime:5  | Noticed the Royal Jelly
 46031 | Slime:5  | Killed the Royal Jelly
 46031 | Slime:5  | Reached skill level 21 in Fighting
 46230 | Slime:5  | Got a slimy rune of Zot
 46246 | Slime:5  | Identified the +2 leather armour "Vuumebitri" {Int+3}
 46261 | Slime:5  | Identified the +8 short sword of Disharmony {pierce, +Blink
                  | MP+9 Str+2 Int+2}
 46288 | Slime:5  | Identified the ring "Dijeh" {rC++ MR+}
 46713 | Vaults:2 | Killed Boris
 46944 | Vaults:2 | Noticed a juggernaut
 46955 | Vaults:2 | Killed a juggernaut
 47449 | Vaults:2 | Paralysed by a sphinx for 4 turns
 47572 | Vaults:2 | Reached XP level 26. HP: 179/245 MP: 41/41
 47577 | Vaults:2 | Identified the cursed +2 flail of the End {crush, *Slow rN+
                  | Int+5}
 47600 | Vaults:2 | Identified the +5 rapier "Yfiaryeso" {protect, +Fly}
 47626 | Vaults:2 | Reached skill level 22 in Fighting
 48146 | Vaults:3 | Entered Level 3 of the Vaults
 48155 | Vaults:3 | Noticed a juggernaut
 48159 | Vaults:3 | Killed a juggernaut
 48175 | Vaults:3 | Identified the +6 scythe of Conflict {slice, rF++ MR-
                  | Str+3}
 48182 | Vaults:3 | Reached skill level 23 in Fighting
 48236 | Vaults:3 | Noticed a juggernaut
 48240 | Vaults:3 | Killed a juggernaut
 48241 | Vaults:3 | Reached skill level 24 in Fighting
 48263 | Vaults:3 | Got a silver rune of Zot
 48331 | Vaults:3 | Reached XP level 27. HP: 214/264 MP: 41/41
 48503 | Vaults:3 | Identified the +6 chain mail "Cunemin" {Dex+6}
 48679 | Vaults:3 | Identified the amulet "Lypramo" {RegenMP Int+7}
 48748 | Vaults:3 | Identified the +5 mace of Axea {speed, Str+6 Int-3 Stlth+}
 48774 | Vaults:3 | Identified the cursed ring "Coniyt Laca" {*Tele rF+}
 48891 | Vaults:3 | Reached skill level 25 in Fighting
 48915 | Vaults:3 | Identified the ring of Moderation {rElec Dex+2}
 49015 | Vaults:3 | Identified the +0 quarterstaff of the Wizarding King
                  | {drain, *Rage Str+6}
 49018 | Vaults:3 | Identified the +3 chain mail of Wogivven {+Fly Slay+3}
 49994 | Depths:5 | Bought a scroll of enchant weapon for 97 gold pieces
 49994 | Depths:5 | Bought a scroll of revelation for 52 gold pieces
 50276 | D:8      | Killed Morbidden's ghost
 50391 | Orc      | Bought a potion of mutation for 88 gold pieces
 50391 | Orc      | Bought a potion of mutation for 88 gold pieces
 50396 | Orc      | Bought a box of beasts for 300 gold pieces
 50579 | Snake:1  | Bought a phantom mirror for 260 gold pieces
 50579 | Snake:1  | Bought a phantom mirror for 260 gold pieces
 50579 | Snake:1  | Bought a phantom mirror for 260 gold pieces
 50579 | Snake:1  | Bought a box of beasts for 260 gold pieces
 50579 | Snake:1  | Bought a wand of random effects (10) for 88 gold pieces
 50888 | Zot:1    | Entered Level 1 of the Realm of Zot
 50981 | Zot:1    | Noticed a golden dragon
 50994 | Zot:1    | Killed a golden dragon
 51795 | Zot:1    | Found a runed door.
 51796 | Zot:1    | Found a runed door.
 51834 | Zot:1    | Found a runed door.
 51834 | Zot:1    | Found a runed door.
 52316 | Zot:2    | Noticed a golden dragon
 52324 | Zot:2    | Killed a golden dragon
 52818 | Zot:2    | Reached skill level 26 in Fighting
 53121 | Zot:3    | Noticed a Killer Klown
 53128 | Zot:3    | Killed a Killer Klown
 53129 | Zot:3    | Identified the cursed +0 pair of boots of Lifelessness
                  | {rPois Regen+ Str+9 Stlth-}
 53175 | Zot:3    | Identified Mogog's Compendium of the Glacier and Changing
 53189 | Zot:3    | Noticed a golden dragon
 53211 | Zot:3    | Killed a golden dragon
 53447 | Zot:3    | Noticed a golden dragon
 53456 | Zot:3    | Identified Sif Muna's Reference Book on Dislocated Evil
                  | Rites
 53460 | Zot:3    | Killed a golden dragon
 53532 | Zot:3    | Noticed a golden dragon
 53544 | Zot:3    | Killed a golden dragon
 53615 | Zot:3    | Noticed an ancient lich
 53617 | Zot:3    | Noticed an ancient lich
 53620 | Zot:3    | Paralysed by an ancient lich for 4 turns
 53622 | Zot:3    | HP: 10/269 [ancient lich/iron shot (32)]
 53627 | Zot:3    | HP: 11/269 [poisoned by a death drake (dark miasma)]
 53632 | Zot:3    | HP: 13/269 [shadow dragon (8)]
 53632 | Zot:3    | HP: 1/269 [death cob (12)]
 53632 | Zot:3    | Killed from afar by a deathcap

Skill      XL: |  1  2  3  4  5  6  7  8  9 10 11 12 13 14 15 16 17 18 19 20 21 22 23 24 25 26 27 |
---------------+----------------------------------------------------------------------------------+-----
Dodging        | 3 4 5 |  5.0
Stealth        | 3 4 5 |  5.0
Spellcasting   | 1 2 3 4 5 6 7 8 10 12 | 12.0
Fighting       | 2 3 4 6 8 10 12 14 15 16 17 18 20 21 24 26 | 26.2
Maces & Flails | 2 |  2.0
Short Blades   | 1 3 5 6 8 9 10 11 12 13 15 16 | 16.5
Armour         | 3 5 7 10 12 13 14 15 16 18 20 | 20.0
Throwing       | 4 5 7 10 | 10.0
Evocations     | 5 9 11 12 13 15 18 | 18.0
Shields        | 5 8 10 15 | 15.0
Conjurations   | | 12.0
Hexes          | | 12.0
Charms         | | 12.0
Summonings     | | 12.0
Necromancy     | | 12.0
Translocations | | 12.0
Transmutations | | 12.0
Fire Magic     | | 12.0
Ice Magic      | | 12.0
Air Magic      | | 12.0
Earth Magic    | | 12.0
Poison Magic   | | 12.0

Action                   |  1- 3 |  4- 6 |  7- 9 | 10-12 | 13-15 | 16-18 | 19-21 | 22-24 | 25-27 || total
-------------------------+-------+-------+-------+-------+-------+-------+-------+-------+-------++-------
Melee: Whip              |    14 |       |       |       |       |       |       |       |       ||    14
       Dagger            |   124 |    35 |       |       |       |       |       |       |       ||   159
       Headbutt          |    22 |    21 |    49 |   147 |   277 |   350 |   429 |   651 |   596 ||  2542
       Bite              |    10 |    13 |    33 |    82 |   127 |   203 |   285 |   359 |   359 ||  1471
       Quick blade       |       |   229 |   333 |   938 |  1862 |  2271 |  2549 |  3305 |  3092 || 14579
 Fire: Blowgun           |    19 |    28 |     4 |     4 |    12 |       |       |       |     1 ||    68
Throw: Tomahawk          |       |       |       |    13 |    80 |   318 |   155 |   178 |    61 ||   805
       Javelin           |       |       |       |       |    21 |       |       |       |       ||    21
 Cast: Blink Other       |     5 |       |     4 |       |       |       |       |       |       ||     9
       Dazzling Orbs     |       |    15 |       |    14 |     5 |       |       |       |       ||    34
       Confuse           |       |     4 |       |     1 |       |       |       |       |       ||     5
Invok: Heavenly Storm    |       |       |       |     1 |     8 |    17 |    15 |    16 |    16 ||    73
 Abil: Lunge             |       |       |    27 |    42 |   121 |    79 |    72 |   107 |   126 ||   574
       Whirlwind         |       |       |    66 |   121 |   330 |   511 |   660 |   898 |   934 ||  3520
       Serpent's Lash    |       |       |       |     6 |    21 |    32 |    29 |    38 |    31 ||   157
       Wall Jump         |       |       |       |       |       |     2 |     7 |     3 |    10 ||    22
Evoke: Wand              |       |       |       |       |     5 |    15 |     8 |     7 |    12 ||    47
       Lamp of fire      |       |       |       |       |     3 |     5 |     4 |     6 |     4 ||    22
       Phial of floods   |       |       |       |       |     2 |     5 |     4 |     6 |     4 ||    21
       Sack of spiders   |       |       |       |       |       |     4 |     6 |     6 |     2 ||    18
       Fan of gales      |       |       |       |       |       |     2 |       |       |     1 ||     3
       Lightning rod     |       |       |       |       |       |       |       |     5 |       ||     5
       Phantom mirror    |       |       |       |       |       |       |       |       |     1 ||     1
  Use: Scroll            |       |     7 |     1 |    12 |    16 |     8 |     5 |    10 |    21 ||    80
       Potion            |       |     3 |       |     1 |     5 |     8 |     1 |     7 |     9 ||    34
 Stab: Sleeping          |     3 |     2 |     6 |     3 |     3 |       |       |       |       ||    17
       Invisible         |       |     1 |       |     4 |     2 |       |       |     1 |       ||     8
       Distracted        |       |     1 |     1 |       |     2 |       |     1 |     3 |     5 ||    13
       Confused          |       |       |       |     2 |       |       |       |     6 |       ||     8
       Paralysed         |       |       |       |       |     3 |       |       |     1 |     1 ||     5
       Held in net/web   |       |       |       |       |       |       |       |     1 |       ||     1
  Eat: Chunk             |     4 |    19 |    17 |    33 |    55 |    24 |    56 |    40 |    32 ||   280
       Ration            |       |       |     1 |     1 |     4 |    14 |     8 |    19 |    21 ||    68
Armor: Animal skin       |    14 |       |       |       |       |       |       |       |       ||    14
       Leather armour    |    46 |    81 |     3 |       |       |       |       |       |       ||   130
       Ring mail         |       |       |    45 |   112 |   146 |       |       |       |       ||   303
       Crystal plate arm |       |       |       |       |   219 |   797 |   577 |   600 |   607 ||  2800
Dodge: Dodged            |    68 |   157 |    92 |   175 |   328 |   148 |   136 |   235 |   232 ||  1571
Block: Buckler           |       |       |       |       |       |       |    71 |   268 |    49 ||   388
       Reflection        |       |       |       |       |       |       |       |    12 |       ||    12
       Medium shield     |       |       |       |       |       |       |       |       |   527 ||   527
